 Dungeon Crawl Stone Soup version 0.28-a0-683-ga8797d1ae1 (webtiles) character file.

Game seed: 1481721405036703808

114 KoroneIsBestGirl the Skirmisher (level 4, -2/38 HPs)
             Began as a Barachi Fighter on Oct 18, 2021.
             Slain by an orc (3 damage)
             ... on level 3 of the Dungeon.
             The game lasted 00:02:27 (3143 turns).

KoroneIsBestGirl the Skirmisher (Barachi Fighter)   Turns: 3143, Time: 00:02:28

Health: -2/38      AC:  7    Str: 17    XL:     4   Next: 98%
Magic:  4/4        EV:  9    Int:  8    God:
Gold:   57         SH:  5    Dex: 13    Spells: 3/3 levels left

rFire   + . .      SeeInvis .   a - +0 long sword
rCold   . . .      Faith    .   c - +0 buckler
rNeg    . . .      Spirit   .   b - +0 scale mail
rPois   .          Reflect  .   (no helmet)
rElec   .          Harm     .   (no cloak)
rCorr   .          Rampage  .   (no gloves)
Will    .....                   (no boots)
Stlth   ..........              j - amulet of regeneration
HPRegen 1.12/turn               k - ring of protection from fire
MPRegen 0.09/turn               (no ring)

@: mighty, slow
A: amphibious, slowness 1, strong legs 1, +LOS
a: Hop


You were on level 3 of the Dungeon.
You visited 1 branch of the dungeon, and saw 3 of its levels.

You collected 57 gold pieces.

Inventory:

Hand Weapons
 a - a +0 long sword (weapon)
Armour
 b - a +0 scale mail (worn)
 c - a +0 buckler (worn)
Jewellery
 j - an amulet of regeneration (around neck)
 k - a ring of protection from fire (left hand)
Scrolls
 f - 2 scrolls of magic mapping {unknown}
 g - 2 scrolls of teleportation {unknown}
 i - a scroll of identify {unknown}
Potions
 d - 2 potions of might
 e - a potion of attraction {unknown}
 h - a potion of curing {unknown}
 l - a potion of brilliance {unknown}


   Skills:
 + Level 4.6 Fighting
 + Level 3.5 Long Blades
 + Level 4.5 Armour
 + Level 4.1 Shields


You had 3 spell levels left.
You didn't know any spells.
Your spell library contained the following spells:

 Spells                   Type           Power      Damage    Failure   Level
 Slow                     Hex            0%         N/A       91%         2
 Confusing Touch          Hex            0%         N/A       99%         3
 Vampiric Draining        Necr           0%         2d6       99%         3


Dungeon Overview and Level Annotations

Branches:
Dungeon (3/15)

Altars:


Innate Abilities, Weirdness & Mutations

You are amphibious.
You cover ground slowly.
You can hop short distances.
You have an extended range of vision and can be seen from far away.


Message History

The orc wizard mumbles some strange words.
The orc wizard flickers and vanishes!
Deactivating autopickup; reactivate with Ctrl-A.
The orc hits you with a +0 war axe.
You hear some strange, mumbled words.
Something tries to affect you, but you resist.
You completely miss something. The orc hits you but does no damage.
The orc hits you with a +0 hand axe. Something hits you but does no damage.
You barely miss something. The orc closely misses you.
The orc hits you but does no damage. Something hits you.
The orc hits you with a +0 war axe!
You bump into the rock wall.
You feel less confused. The orc hits you with a +0 hand axe.
Something hits you. The orc closely misses you.
You hit something. You block the orc's attack.
Something hits you but does no damage. The orc barely misses you.
The orc hits you with a +0 hand axe.
You barely miss something. Something completely misses you.
The orc hits you with a +0 war axe. The orc barely misses you.
Something hits you.
* * * LOW HITPOINT WARNING * * *
You feel very mighty all of a sudden. The orc hits you with a +0 war axe.
* * * LOW HITPOINT WARNING * * *
The orc barely misses you. Something hits you.
* * * LOW HITPOINT WARNING * * *
You miss something. The orc misses you. You block the orc's attack.
Something hits you but does no damage.
You miss something. The orc hits you with a +0 war axe.
* * * LOW HITPOINT WARNING * * *
The orc hits you but does no damage. Something hits you.
* * * LOW HITPOINT WARNING * * *
The orc hits you but does no damage.
You slash something!
Reactivating autopickup.
You feel a bit more experienced. The orc hits you with a +0 hand axe.
* * * LOW HITPOINT WARNING * * *
The orc barely misses you. The orc hits you with a +0 hand axe.
You die...

.#################
.................# ###
..####......## #.#...
.#####......####.#.###.##
.........................
†.####.......#.#.#.###...
........................#
..##..##########)o....[..
..###.# #@######.#
..#...# #)o......#
..#.#.# #.########
......# #.. ..#.#.# #.#
..#.#.# #.#
..#...######## #.#
..###......... #.#
......##########..


You could see 2 orcs.

Vanquished Creatures
  An orc wizard (D:3)
  Robin (D:3)
  3 gnolls (D:2)
  An orc (D:3)
  8 ball pythons
  2 endoplasms
  4 giant cockroaches
  9 goblins
  11 hobgoblins
  10 jackals
  2 bats
  2 frilled lizards (D:1)
  3 kobolds (D:1)
  6 rats
63 creatures vanquished.

Vanquished Creatures (others)
  A bush (D:2)
  12 plants (D:2)
13 creatures vanquished.

Grand Total: 76 creatures vanquished

Notes
Turn   | Place    | Note
-------+----------+-------------------------------------------
     0 | D:1      | KoroneIsBestGirl the Barachi Fighter began the quest for
                  | the Orb.
     0 | D:1      | Reached XP level 1. HP: 18/18 MP: 1/1
    95 | D:1      | Reached XP level 2. HP: 5/25 MP: 2/2
   685 | D:1      | Reached XP level 3. HP: 26/30 MP: 3/3
  1694 | D:3      | Noticed Robin
  2301 | D:2      | Reached XP level 4. HP: 19/38 MP: 4/4
  2742 | D:3      | Killed Robin
  3143 | D:3      | HP: 1/38 [orc (3)]
  3143 | D:3      | Slain by an orc

Illustrated notes

Levels and vault maps discovered:
D:1:      dpeg_arrival_arbitrary_a, layout_loops_ring, minmay_hedge_maze,
          minmay_pentomino_x2
D:2:      layout_loops_ring, hellmonk_ecumenical_altar_leap_of_faith,
          serial_forest, infiniplex_forest_clump_diagonal,
          infiniplex_forest_straight_1, infiniplex_forest_end_double,
          infiniplex_forest_clump_cross, infiniplex_forest_join,
          infiniplex_forest_end_double, infiniplex_forest_zigzag_1,
          corexii_hall_statues_u, uniq_sigmund
D:3:      layout_basic, st_stairs_13, minivault_5, hangedman_feature_mirror,
          uniq_robin, uniq_crazy_yiuf_cottage

Skill      XL: |  1  2  3  4 |
---------------+-------------+-----
Fighting       | 4 |  4.6
Armour         | 4 |  4.5
Long Blades    | 3 |  3.5
Shields        | 4 |  4.1

Action                   |  1- 3 |  4- 6 || total
-------------------------+-------+-------++-------
Melee: Long sword        |   143 |    57 ||   200
 Abil: Hop               |     1 |       ||     1
  Use: Potion            |       |     1 ||     1
Armor: Scale mail        |    80 |    32 ||   112
Dodge: Dodged            |    94 |    37 ||   131
Block: Buckler           |    43 |    20 ||    63

Table legend: (Time is in decaauts)
 A = Elapsed time spent in this place.
 B = Non-inter-level travel time spent in this place.
 C = Inter-level travel time spent in this place.
 D = Time resting spent in this place.
 E = Time spent auto-exploring this place.
 F = Levels seen in this place.
 G = Mean time per level.
                   A        B        C        D        E       F      G
               +--------+--------+--------+--------+--------+-----+--------+
         Total |   3479 |   3429 |     50 |    952 |   2005 |   3 | 1159.7 |
       Dungeon |   3479 |   3429 |     50 |    952 |   2005 |   3 | 1159.7 |
               +--------+--------+--------+--------+--------+-----+--------+

Top non-repeatable levels by time:
     D:1: 1501 daAuts
     D:2: 1461 daAuts
     D:3: 516 daAuts
